 Dungeon Crawl Stone Soup version 0.30.1-11-g7821555f0a (webtiles) character file.

Game seed: 3202862235069615995

140 Shinigami the Chopper (level 4, -1/38 HPs)
             Began as a Demigod Fighter on Nov 8, 2023.
             Slain by a gnoll
             ... wielding a +0 spear
              (3 damage)
             ... on level 3 of the Dungeon.
             The game lasted 00:07:42 (1883 turns).

Shinigami the Chopper (Demigod Fighter)             Turns: 1883, Time: 00:07:42

Health: -1/38      AC:  6    Str: 21    XL:     4   Next: 72%
Magic:  6/6        EV:  9    Int: 10    God:
Gold:   115        SH:  4    Dex: 13    Spells: 3/3 levels left

rFire   . . .        u - +1 dagger (flame)
rCold   . . .        c - +0 buckler
rNeg    . . .        b - +0 scale mail
rPois   .            (no helmet)
rElec   .            (no cloak)
rCorr   .            (no gloves)
SInv    .            (no boots)
Will    ++...        (no amulet) Stlth
                     g - ring of willpower
HPRegen 0.26/turn    h - ring of willpower
MPRegen 0.10/turn

%: no passive effects
@: mighty, brilliant
A: high MP 1, forlorn, divine attributes
a: no special abilities


You were on level 3 of the Dungeon.
You visited 1 branch of the dungeon, and saw 3 of its levels.

You collected 115 gold pieces.

Inventory:

Hand Weapons
 a - a +0 war axe
 u - a +1 dagger of flaming (weapon)
Armour
 b - a +0 scale mail (worn)
 c - a +0 buckler (worn)
Jewellery
 g - a ring of willpower (left hand)
 h - a ring of willpower (right hand)
Scrolls
 f - 2 scrolls of magic mapping {unknown}
 j - a scroll of fog {unknown}
 k - a scroll of vulnerability {unknown}
 n - a scroll of brand weapon {unknown}
 r - 3 scrolls of enchant weapon {unknown}
 s - 2 scrolls of fear {unknown}
 t - a scroll of identify {unknown}
Potions
 e - a potion of invisibility {unknown}
 i - 2 potions of magic {unknown}
 l - a potion of curing {unknown}
 m - a potion of haste {unknown}
 o - a potion of degeneration {unknown}
 p - 2 potions of heal wounds {unknown}


   Skills:
 + Level 3.3 Fighting
 + Level 3.4 Axes
 + Level 3.2 Armour
 + Level 0.5 Dodging
 + Level 3.0 Shields


You had 3 spell levels left.
You didn't know any spells.
Your spell library contained the following spells:

 Spells                   Type           Power      Damage    Failure   Level
 Inner Flame              Hex/Fire       0%         N/A       98%         3
 Yara's Violent Unravell  Hex/Tmut       0%         3d3       100%        5
 Enfeeble                 Hex            0%         N/A       100%        7


Dungeon Overview and Level Annotations

Branches:
Dungeon (3/15)


Innate Abilities, Weirdness & Mutations

You have an increased reservoir of magic. (+10% MP)
You shall have no god before yourself.
Your divine heritage dramatically boosts your attributes as you level up.


Message History

A gnoll comes into view. It is wielding a +0 flail.
A gnoll comes into view. It is wielding a +0 spear.
An endoplasm comes into view.
The endoplasm quivers.
You block the goblin's attack.
You barely miss the goblin. The goblin hits you but does no damage.
You hit the goblin. You burn the goblin.
You kill the goblin!
The gnoll hits you with a +0 flail.
You see here a +0 dagger.
You hit the gnoll. You burn the gnoll.
The gnoll is moderately wounded.
The gnoll hits you with a +0 flail!
You are too injured to fight recklessly!
You are too injured to fight recklessly!
You are too injured to fight recklessly!
You are too injured to fight recklessly!
You are too injured to fight recklessly!
You are too injured to fight recklessly!
You barely miss the gnoll.
The gnoll is moderately wounded.
The gnoll hits you from afar with a +0 spear.
* * * LOW HITPOINT WARNING * * *
The gnoll misses you.
A gnoll comes into view. It is wielding a +0 whip of draining.
The gnoll hits you but does no damage. The gnoll barely misses you.
You hit the gnoll. You burn the gnoll.
The gnoll is heavily wounded.
The gnoll hits you from afar with a +0 spear.
* * * LOW HITPOINT WARNING * * *
You block the gnoll's attack. The gnoll attacks as you move away!
The gnoll misses you.
You feel very mighty all of a sudden.
The gnoll hits you from afar with a +0 spear.
* * * LOW HITPOINT WARNING * * *
You block the endoplasm's attack. The gnoll closely misses you.
It was a potion of brilliance.
You feel clever all of a sudden.
The gnoll hits you from afar with a +0 spear.
You die...

......#.####...##.....###.....#
......#...##...##.....##......#
.<.#+#.#.......##.....##.....##
#.#.#.#.#......##.....##[..<.##
.#.#.#.#........+..............>
#.#.#.#.##.....##........######.
.#.#.#.#.#.....#####.....# #
#.#.#.#.############.?...#
.#.#.#.#........@....)...# . .#
#.#.....ggJ....))[.#####
#........................
.#.(..)...........).....!
+.......g...............
#.$.....................
#..#######.#.............
#.#.#.....#...............
.#..#._.<.#.#.............


You could see 3 gnolls and an endoplasm.

Vanquished Creatures
  An orc priest (D:3)
  An orc wizard (D:3)
  2 adders (D:2)
  A worm (D:2)
  3 orcs (D:3)
  6 ball pythons
  8 bats
  5 endoplasms
  A giant cockroach (D:1)
  2 goblins
  6 hobgoblins
  7 jackals (D:1)
  4 quokkas
  5 frilled lizards
  3 kobolds (D:2)
  3 rats
58 creatures vanquished.

Notes
Turn   | Place    | Note
-------+----------+-------------------------------------------
     0 | D:1      | Shinigami the Demigod Fighter began the quest for the Orb.
     0 | D:1      | Reached XP level 1. HP: 18/18 MP: 3/3
   329 | D:1      | Reached XP level 2. HP: 25/25 MP: 4/4
   915 | D:2      | Reached XP level 3. HP: 29/31 MP: 5/5
  1834 | D:3      | Identified the +0 scale mail of Zogrotul {Harm}
  1842 | D:3      | Reached XP level 4. HP: 38/38 MP: 6/6
  1883 | D:3      | Slain by a gnoll

Illustrated notes

Levels and vault maps discovered:
D:1:      dpeg_arrival_rooms_with_view, layout_loops_corners
D:2:      layout_loops_ring
D:3:      layout_basic, mainiacjoe_overflow_boulevard, nemelex_altar_shiori,
          nicolae_ecumenical_oubliette, patterned_corridor

Skill      XL: |  1  2  3  4 |
---------------+-------------+-----
Armour         | 3 |  3.2
Axes           | 2 3 |  3.4
Fighting       | 3 |  3.3
Shields        | 3 |  3.0
Dodging        | |  0.5

Action                     |  1- 3 |  4- 6 || total
---------------------------+-------+-------++-------
  Melee: War axe           |   151 |    17 ||   168
         Dagger            |       |     5 ||     5
    Use: Potion            |       |     2 ||     2
 Armour: Scale mail        |    83 |    15 ||    98
  Dodge: Dodged            |    67 |    15 ||    82
  Block: Buckler           |    38 |     4 ||    42
